 Dungeon Crawl Stone Soup version 0.25-a0-578-gc91f01c (webtiles) character file.

Game seed: 6967297894244099839, levelgen mode: deterministic

16336 BlueFish the Carver (level 12, -10/110 HPs)
             Began as a Minotaur Fighter on Mar 5, 2020.
             Was an Elder of Yredelemnul.
             Mangled by a small abomination (13 damage)
             ... while paralysed
             ... on level 2 of the Abyss.
             The game lasted 00:29:10 (13812 turns).

BlueFish the Carver (Minotaur Fighter)             Turns: 13812, Time: 00:29:11

Health: -10/110    AC: 21    Str: 22      XL:     12   Next: 9%
Magic:  15/15      EV:  2    Int:  0 (1)  God:    Yredelemnul [****..]
Gold:   794        SH:  0    Dex: 10      Spells: 11/11 levels left

rFire    . . .     SeeInvis .   a - +0 long sword
rCold    + . .     Gourm    .   (no shield)
rNeg     . . .     Faith    +   y - +1 plate armour {rC+}
rPois    +         Spirit   .   (helmet restricted)
rElec    .         Reflect  .   k - +0 cloak
rCorr    .         Harm     .   w - +0 pair of gloves
MR       +....                  e - +0 pair of boots
Stlth    ..........             h - amulet of faith
HPRegen  0.28/turn              s - ring of protection from magic
MPRegen  0.14/turn              u - ring of poison resistance

@: paralysed, mighty, slowed, lost intelligence
A: retaliatory headbutt, horns 2, [blurry vision 2], [clumsy 2], [deterioration
2], [dopey 2], [screaming 3], no potion heal 1, [subdued magic 2]
a: Recall Undead Slaves, Injury Mirror, Animate Dead, Drain Life, Renounce
Religion


You were on level 2 of the Abyss.
You worshipped Yredelemnul.
Yredelemnul was greatly pleased with you.
You were not hungry.

You visited 3 branches of the dungeon, and saw 14 of its levels.
You visited the Abyss 1 time.

You collected 794 gold pieces.

Inventory:

Hand Weapons
 a - a +0 long sword (weapon)
 z - a cursed +5 short sword of freezing
Armour
 c - a +0 kite shield
 e - a +0 pair of boots (worn)
 k - a +0 cloak (worn)
 q - a +2 tower shield
 w - a +0 pair of gloves (worn)
 y - a +1 plate armour of cold resistance (worn)
Jewellery
 h - an amulet of faith (around neck)
 i - an uncursed ring of resist corrosion
 s - a ring of protection from magic (left hand)
 u - a ring of poison resistance (right hand)
 E - a cursed -3 ring of strength {unknown}
 K - an uncursed ring of see invisible {unknown}
 L - an uncursed ring of protection from fire {unknown}
Wands
 j - a wand of flame (63)
 l - a wand of random effects (52)
 n - a wand of paralysis (10)
 r - a wand of disintegration (12)
Scrolls
 d - 3 scrolls of amnesia
 g - 4 scrolls of blinking
 m - 3 scrolls of enchant weapon
 p - 6 scrolls of teleportation
 B - 2 scrolls of vulnerability
 C - a scroll of fear
 F - 2 scrolls of silence
 I - 2 scrolls of remove curse
Potions
 b - 3 potions of mutation
 t - a potion of brilliance
 v - 7 potions of curing
 x - 2 potions of stabbing
 A - a potion of invisibility
 D - 2 potions of magic
 G - a potion of cancellation {unknown}
 H - 2 potions of resistance
Comestibles
 f - 39 rations
 M - 3 chunks of flesh


   Skills:
 * Level 11.0 Fighting
 * Level 14.0 Long Blades
 * Level 13.4 Armour
 + Level 1.8 Dodging
 + Level 4.0 Shields
 * Level 6.4 Invocations


You had 11 spell levels left.
You didn't know any spells.
Your spell library contained the following spells:

 Spells                   Type           Power        Failure   Level  Hunger
 Beastly Appendage        Tmut           #.....       100%        1    ##.....
 Corona                   Hex            #......      100%        1    ##.....
 Freeze                   Ice            #...         100%        1    ##.....
 Infusion                 Chrm           #...         100%        1    ##.....
 Magic Dart               Conj           #...         100%        1    ##.....
 Blink                    Tloc           N/A          100%        2    ###....
 Call Imp                 Summ           #.......     100%        2    ###....
 Ensorcelled Hibernation  Hex/Ice        #.....       100%        2    ###....
 Searing Ray              Conj           #.....       100%        2    ###....
 Shroud of Golubria       Chrm/Tloc      #.....       100%        2    ###....
 Slow                     Hex            #.......     100%        2    ###....
 Song of Slaying          Chrm           #.......     100%        2    ###....
 Sticks to Snakes         Tmut           #.......     100%        2    ###....
 Confusing Touch          Hex            #.......     100%        3    ####...
 Conjure Flame            Conj/Fire      #.......     100%        3    ####...
 Dazzling Flash           Conj/Hex       #.....       100%        3    ####...
 Frozen Ramparts          Ice            #.....       100%        3    ####...
 Mephitic Cloud           Conj/Pois/Air  #.......     100%        3    ####...
 Ozocubu's Armour         Chrm/Ice       #.......     100%        3    ####...
 Spectral Weapon          Hex/Chrm       #.......     100%        3    ####...
 Spider Form              Tmut/Pois      #.........   100%        3    ####...
 Tukima's Dance           Hex            #.......     100%        3    ####...
 Fulminant Prism          Conj/Hex       #.........   100%        4    #####..
 Hailstorm                Conj/Ice       #.......     100%        4    #####..
 Ice Form                 Ice/Tmut       #.......     100%        4    #####..
 Iskenderun's Mystic Bla  Conj/Tloc      #.......     100%        4    #####..
 Summon Ice Beast         Ice/Summ       #.......     100%        4    #####..
 Blade Hands              Tmut           #.........   100%        5    ######.
 Bolt of Magma            Conj/Fire/Erth #.........   100%        5    ######.
 Iskenderun's Battlesphe  Conj/Chrm      #.......     100%        5    ######.
 Iron Shot                Conj/Erth      #.........   100%        6    #######
 Orb of Destruction       Conj           #.........   100%        7    #######
 Spellforged Servitor     Conj/Summ      #.........   100%        7    #######


Dungeon Overview and Level Annotations

Branches:
Dungeon (11/15)            Temple (1/1) D:6            Lair (2/6) D:8
    Orc (0/2) D:9
  Swamp: Lair:2-4    Shoals: Lair:2-4     Snake: Lair:2-4    Spider: Lair:2-4

Altars:
Ashenzari
Cheibriados
Dithmenos
Elyvilon
Fedhas
Gozag
Hepliaklqana
Kikubaaqudgha
Makhleb
Nemelex Xobeh
Okawaru
Qazlal
Ru
Sif Muna
Trog
Uskayaw
Vehumet
Wu Jian
Xom
Yredelemnul
Zin
The Shining One

Annotations:
D:4 exclusion: door
Lair:1 2 transporters, Ylyreet's ghost, journeyman TrHu
Lair:2 Sonja


Innate Abilities, Weirdness & Mutations

You reflexively headbutt those who attack you in melee.
You have a pair of horns on your head.
Potions are less effective at restoring your health.
[Scrolls take you longer to read.]
[You are very clumsy. (Dex -4)]
[Your body often deteriorates upon taking damage.]
[You are very dopey. (Int -4)]
[You frequently scream uncontrollably at your foes.]
[Your spells are easier to cast, but less powerful.]


Message History

* * * LOW HITPOINT WARNING * * *
Your system partially rejects the healing.
You feel much better. The small abomination hits you!
* * * LOW HITPOINT WARNING * * *
You feel very mighty all of a sudden.
The small abomination hits you but does no damage.
You hit the small abomination. You headbutt the small abomination!
The small abomination is heavily damaged.
The small abomination hits you!
* * * LOW HITPOINT WARNING * * *
You slash the small abomination!
The small abomination is almost destroyed.
The small abomination hits you!
* * * LOW HITPOINT WARNING * * *
Your body deteriorates!
You feel dopey.
You have lost your intelligence.
The small abomination hits you!
* * * LOW HITPOINT WARNING * * *
The small abomination hits you!
You die...
Your body rises from the dead as a mindless zombie.

. .....
..........
......... .....
... ..... ...
#......#####>#
##......#@...# .
........x..# .
........#..# .
..............
.........[.......
.................
.................
##......##......#
#.... # .. ..


You could see a small abomination.

Vanquished Creatures
  2 two-headed ogres
  Nergalle (D:11)
  An unseen horror (D:11)
  Pikel (D:6)
  2 ugly things (D:11)
  A manticore (D:11)
  A spiny frog (Lair:1)
  Maggie (D:6)
  A komodo dragon (Lair:2)
  A troll (D:9)
  2 slime creatures (D:10)
  A hornet (D:9)
  3 hippogriffs
  2 wyverns
  5 yaks (Lair:1)
  A steam dragon (D:9)
  A fire elemental (Lair:1)
  2 hungry ghosts
  A neqoxec (Abyss:2)
  A water moccasin (D:10)
  4 porcupines
  4 black bears
  3 ice beasts
  3 phantoms
  An eye of draining (D:9)
  3 orc warriors
  2 sky beasts
  6 ogres
  2 centaurs
  3 crocodiles
  A big kobold (D:8)
  7 bullfrogs
  7 killer bees
  4 scorpions
  5 wights (D:8)
  5 howler monkeys
  6 crimson imps
  A quasit (D:10)
  3 centaur skeletons
  3 centaur zombies
  6 hounds
  6 jellies
  5 orc priests
  9 orc wizards
  2 iguanas (D:10)
  5 worker ants
  2 killer bee zombies
  3 hound skeletons
  2 hound zombies (D:10)
  4 gnolls (D:7)
  11 adders
  2 oozes
  An adder zombie (D:6)
  2 worms
  A dart slug (D:2)
  4 leopard geckos
  29 orcs
  5 giant cockroaches
  8 goblins
  3 hobgoblins
  14 jackals
  4 quokkas
  4 bats
  5 frilled lizards
  10 kobolds
  2 leopard gecko skeletons
  2 quokka skeletons
  5 rats (D:1)
260 creatures vanquished.

Vanquished Creatures (collateral kills)
  Fannar (D:11)
  A two-headed ogre (D:9)
  3 slime creatures (D:10)
  A spiny frog (Lair:2)
  A centaur skeleton (D:11)
  A yak (Lair:1)
  A phantom (D:8)
  A centaur (D:8)
  2 ogres
  A bullfrog (D:8)
  A scorpion (D:8)
  A killer bee (D:7)
  A howler monkey (D:10)
  An orc priest (D:9)
  A hound zombie (D:11)
  3 orcs
  4 jackals (D:8)
  4 fungi (D:8)
29 creatures vanquished.

Vanquished Creatures (others)
  Sigmund (D:6)
  A bullfrog (D:6)
  A komodo dragon skeleton (Lair:2)
  A wyvern zombie (D:8)
  2 wights
  A bullfrog skeleton (D:8)
  A porcupine zombie (D:8)
  3 killer bee zombies (D:10)
  An ogre zombie (D:10)
  A hound zombie (D:8)
  2 mummies
  A hound skeleton (D:9)
  A howler monkey zombie (D:10)
  A howler monkey skeleton (D:7)
  A scorpion zombie (D:8)
  A quokka (D:6)
  A gnoll zombie (D:7)
  A jackal skeleton (D:8)
  2 orc zombies (D:10)
  6 fungi (D:8)
  7 plants
37 creatures vanquished.

Grand Total: 326 creatures vanquished

Notes
Turn   | Place    | Note
-------+----------+-------------------------------------------
     0 | D:1      | BlueFish the Minotaur Fighter began the quest for the Orb.
     0 | D:1      | Reached XP level 1. HP: 19/19 MP: 0/0
   121 | D:1      | Reached XP level 2. HP: 5/27 MP: 1/1
   531 | D:1      | Reached XP level 3. HP: 33/33 MP: 2/2
  1226 | D:2      | Reached skill level 3 in Long Blades
  1303 | D:2      | Found a shimmering altar of Xom.
  1304 | D:2      | Found a shimmering altar of Xom.
  1306 | D:2      | Found a shimmering altar of Xom.
  1682 | D:3      | Reached XP level 4. HP: 37/41 MP: 3/3
  1813 | D:3      | Found a faded altar of an unknown god.
  1817 | D:3      | Reached skill level 5 in Armour
  2450 | D:4      | Noticed a phantom
  2490 | D:4      | Killed a phantom
  2490 | D:4      | Reached skill level 4 in Long Blades
  2490 | D:4      | Reached XP level 5. HP: 33/47 MP: 4/4
  2611 | D:4      | Noticed an ogre
  2624 | D:4      | Killed an ogre
  2624 | D:4      | Reached skill level 5 in Long Blades
  2624 | D:4      | Reached XP level 6. HP: 16/55 MP: 5/5
  2985 | D:4      | Found a shimmering blue altar of Sif Muna.
  3085 | D:4      | Reached skill level 6 in Long Blades
  3098 | D:4      | Got a brightly glowing mace
  3232 | D:5      | Entered Level 5 of the Dungeon
  3232 | D:5      | Noticed a sky beast
  3254 | D:5      | Killed a sky beast
  3254 | D:5      | Reached skill level 5 in Fighting
  3254 | D:5      | Reached skill level 1 in Dodging
  3254 | D:5      | Reached XP level 7. HP: 22/61 MP: 6/6
  3707 | D:5      | Reached skill level 7 in Long Blades
  4059 | D:5      | Reached XP level 8. HP: 68/69 MP: 7/7
  4068 | D:5      | Reached skill level 8 in Long Blades
  4139 | D:5      | Found a white marble altar of Elyvilon.
  4139 | D:5      | Found a radiant altar of Vehumet.
  4379 | D:5      | Found a glowing golden altar of the Shining One.
  4423 | D:6      | Noticed Maggie
  4440 | D:6      | Killed Maggie
  4722 | D:6      | Found a staircase to the Ecumenical Temple.
  4778 | Temple   | Entered the Ecumenical Temple
  4882 | Temple   | Became a worshipper of Yredelemnul the Dark
  4949 | D:6      | Reached skill level 9 in Long Blades
  5261 | D:6      | Noticed Sigmund
  5261 | D:6      | Noticed Pikel
  5293 | D:6      | Killed Pikel
  5293 | D:6      | Reached skill level 1 in Invocations
  5293 | D:6      | Reached XP level 9. HP: 60/79 MP: 7/9
  5294 | D:6      | Killed Sigmund
  5294 | D:6      | Reached skill level 10 in Long Blades
  5840 | D:7      | Reached * piety under Yredelemnul
  6237 | D:7      | Reached skill level 11 in Long Blades
  6547 | D:8      | Reached skill level 10 in Armour
  6553 | D:8      | Found a staircase to the Lair.
  6568 | D:8      | Noticed a two-headed ogre
  6574 | D:8      | Reached XP level 10. HP: 42/88 MP: 11/11
  6988 | D:8      | Reached ** piety under Yredelemnul
  7018 | D:8      | Found an ancient bone altar of Kikubaaqudgha.
  7071 | D:8      | Killed a two-headed ogre
  7765 | D:9      | Reached skill level 12 in Long Blades
  8248 | D:9      | Noticed a two-headed ogre
  8260 | D:9      | Killed a two-headed ogre
  8260 | D:9      | Reached skill level 5 in Invocations
  8519 | D:9      | Found a staircase to the Orcish Mines.
  8595 | D:9      | Noticed a two-headed ogre
  8757 | D:9      | Found a stormy altar of Qazlal.
  8757 | D:9      | Found an iron altar of Okawaru.
  8764 | D:9      | Reached *** piety under Yredelemnul
  8807 | D:9      | Reached XP level 11. HP: 97/97 MP: 13/13
  8864 | D:10     | Entered Level 10 of the Dungeon
  9592 | D:10     | Got a vibrating ivory amulet
  9754 | D:10     | Reached skill level 13 in Long Blades
  9754 | D:10     | Received a gift from Yredelemnul (a wight)
  9879 | D:10     | Identified the amulet "Omiyp" {Harm *Drain Str+4} (You
                  | found it on level 10 of the Dungeon)
 10126 | D:10     | Reached skill level 10 in Fighting
 10345 | D:11     | Noticed a red ugly thing
 10785 | D:11     | Noticed Nergalle
 10845 | D:11     | Killed Nergalle
 11126 | D:11     | Killed a red ugly thing
 11126 | D:11     | Received a gift from Yredelemnul (a mummy)
 11269 | D:11     | Noticed a brown ugly thing
 11285 | D:11     | Killed a brown ugly thing
 11332 | D:11     | Reached **** piety under Yredelemnul
 11333 | D:11     | Received a gift from Yredelemnul (a wight)
 11500 | D:11     | Killed an unseen horror
 11566 | D:11     | Noticed Fannar
 11586 | D:11     | Killed Fannar
 11890 | D:11     | Noticed a two-headed ogre
 11901 | D:11     | Killed a two-headed ogre
 12241 | Lair:1   | Entered Level 1 of the Lair of Beasts
 12251 | Lair:1   | Found a hide-covered altar of Uskayaw.
 12256 | Lair:1   | Found a transporter.
 12403 | Lair:1   | Noticed Ylyreet's ghost (journeyman TrHu)
 12420 | Lair:1   | Found a transporter.
 12626 | Lair:1   | Received a gift from Yredelemnul (a mummy)
 12675 | Lair:1   | Reached XP level 12. HP: 98/108 MP: 15/15
 13103 | Lair:2   | Noticed Sonja
 13674 | Lair:2   | Reached skill level 14 in Long Blades
 13738 | Lair:2   | Cast into level 2 of the Abyss (Sonja)
 13771 | Abyss:2  | Gained mutation: Potions are less effective at restoring
                  | your health. [a neqoxec]
 13810 | Abyss:2  | Lost intelligence.
 13811 | Abyss:2  | HP: 3/110 [small abomination (9)]
 13812 | Abyss:2  | Mangled by a small abomination

Levels and vault maps discovered:
D:1:      nicolae_arrival_memento_mori, layout_loops_ring
D:2:      layout_loops_ring, xom_redecorated, first_ration
D:3:      layout_basic, chequers_ecumenical_altar_simple_redux, serial_rivers,
          chequers_serial_rivers_small_3, chequers_serial_rivers_small_a,
          chequers_serial_rivers_room_b, chequers_serial_rivers_room_b,
          nrook_mini_backslash
D:4:      layout_rooms, led_sif_book
D:5:      layout_basic, gammafunk_temple_overflow_elements,
          nicolae_tso_swordbearing_angel, saegor_snake_ambush
D:6:      layout_basic, temple_pool_b, chequers_serial_rivers_micro_c,
          uniq_sigmund, uniq_pikel, uniq_maggie
D:7:      layout_basic
D:8:      layout_cave_pools, due_lair_maze_entry_diamond, basic_altar,
          blue_anna_alchemist [blue_anna_fruit_fields, blue_anna_fruit_fields],
          minmay_quadrilaterals
D:9:      layout_long_grid, gammafunk_temple_overflow_wave, orc_0_dummy,
          lightli_corner_chamber
D:10:     layout_stronghold
D:11:     layout_loops_cross, uniq_nergalle, uniq_fannar
Temple:   eino_temple_scatter_basement
Lair:1:   layout_gridlike, gammafunk_ghost_arena, basic_altar, st_stairs_9,
          grunt_megastairs_5, infiniplex_staircase_pool_2, lemuel_fruit_tree
Lair:2:   layout_chaotic_city, zaba_antful_of_joy, uniq_sonja
Abyss:2:  base: D:12, hangedman_abyss_lost_library, evilmike_abyss_exit_14

Skill      XL: |  1  2  3  4  5  6  7  8  9 10 11 12 |
---------------+-------------------------------------+-----
Fighting       | 4 5 7 8 9 10 11 | 11.0
Armour         | 4 5 6 7 9 10 11 13 | 13.4
Shields        | 4 |  4.0
Long Blades    | 3 4 5 6 7 9 11 12 13 14 | 14.0
Dodging        | 1 |  1.8
Invocations    | 1 3 5 6 |  6.4

Action                   |  1- 3 |  4- 6 |  7- 9 | 10-12 || total
-------------------------+-------+-------+-------+-------++-------
Melee: Long sword        |    69 |   131 |   316 |   593 ||  1109
       Headbutt          |    11 |    32 |    53 |   158 ||   254
Invok: Animate Remains   |       |       |    12 |    18 ||    30
       Animate Dead      |       |       |       |    17 ||    17
       Recall Undead Sla |       |       |       |     3 ||     3
  Use: Potion            |     1 |       |       |     6 ||     7
       Scroll            |     5 |     5 |     7 |    12 ||    29
 Stab: Distracted        |       |       |     1 |     5 ||     6
  Eat: Chunk             |     2 |     6 |    13 |    34 ||    55
       Ration            |       |       |       |     3 ||     3
Armor: Scale mail        |    27 |       |       |       ||    27
       Plate armour      |    15 |    91 |   239 |   423 ||   768
Dodge: Dodged            |    38 |    35 |   125 |   201 ||   399
Block: Kite shield       |    31 |       |       |       ||    31
       Rpst.: Long sword |    12 |     9 |    31 |    51 ||   103

Table legend:
 A = Non-vault XP
 B = Vault XP
 C = Vault XP percentage of total XP
 D = Non-vault monster count
 E = Vault monster count
 F = Vault count percentage of total count
                 A         B        C        D         E       F
            +---------+---------+-------+---------+---------+-------
      Total |   18598 |    4740 |  20.3 |     263 |      23 |   8.0
            +---------+---------+-------+---------+---------+-------
        D:1 |      56 |       0 |   0.0 |      30 |       0 |   0.0
        D:2 |      30 |       0 |   0.0 |       6 |       0 |   0.0
        D:3 |      97 |       0 |   0.0 |      24 |       0 |   0.0
        D:4 |     477 |      40 |   7.7 |      20 |       1 |   4.8
        D:5 |     820 |      13 |   1.6 |      20 |       1 |   4.8
        D:6 |    1077 |    1256 |  53.8 |      19 |       3 |  13.6
        D:7 |     890 |       0 |   0.0 |      18 |       0 |   0.0
        D:8 |    1866 |    1375 |  42.4 |      19 |      15 |  44.1
        D:9 |    3049 |       0 |   0.0 |      34 |       0 |   0.0
       D:10 |    2637 |       0 |   0.0 |      34 |       0 |   0.0
       D:11 |    4906 |    1658 |  25.3 |      24 |       2 |   7.7
     Lair:1 |    1390 |     398 |  22.3 |       9 |       1 |  10.0
     Lair:2 |    1127 |       0 |   0.0 |       5 |       0 |   0.0
    Abyss:2 |     176 |       0 |   0.0 |       1 |       0 |   0.0
            +---------+---------+-------+---------+---------+-------
